San Jose Sharks vs Anaheim Ducks
Created - Wednesday, February 5, 2025 at 08:20
Goals
|
| San Jose Sharks |
1 |
2 |
1 |
4 |
| Anaheim Ducks |
1 |
1 |
0 |
2 |
|
Shots
|
| San Jose Sharks |
10 |
12 |
4 |
26 |
| Anaheim Ducks |
14 |
7 |
7 |
28 |
|
1st period
1. Anaheim Ducks , William Nylander 1 (John Tavares 2) at 12:23
2. San Jose Sharks , Adam Henrique 4 (Kevin Fiala 5, Yegor Sharangovich 3) at 16:03
Penalties :
Josh Manson (ANA) for Hooking (Minor) at 1:31, Alexandre Texier (ANA) for Interference (Minor) at 18:30
2nd period
3. Anaheim Ducks , Nazem Kadri 1 (Brayden Schenn 1, Ivan Provorov 1) at 6:02
4. San Jose Sharks , Max Domi 1 (Anthony Mantha 3, Marcus Pettersson 2) at 12:05 (PP)
5. San Jose Sharks , Eeli Tolvanen 1 (Christopher Tanev 1, Ryan Poehling 1) at 19:48
Penalties :
Chandler Stephenson (ANA) for Tripping (Minor) at 10:35
3rd period
6. San Jose Sharks , Eeli Tolvanen 2 (Noel Acciari 1, Ryan Poehling 2) at 7:52
Penalties :
Kevin Fiala (SJS) for Tripping (Minor) at 2:31, Alex Killorn (ANA) for Tripping (Minor) at 13:42
Goalie Stats
Logan Thompson (SJS), 26 saves from 28 shots - (0.929), W, 2-0-1, 60:00 minutes
Linus Ullmark (ANA), 22 saves from 26 shots - (0.846), L, 1-3-0, 60:00 minutes
Players Stats for San Jose Sharks
Player Name G A P +/- PIM S H SB GA TA FO MP PP MP PK MP
------------------------------------------------------------------------------------
Adam Henrique 1 0 1 0 0 4 2 1 0 0 15/29 18:55 3:30 1:03
Anthony Mantha 0 1 1 0 0 1 1 0 1 0 0/3 19:00 3:57 0:56
Christopher Tanev 0 1 1 1 0 3 1 0 0 1 0/0 26:04 3:54 1:11
Connor Murphy 0 0 0 -1 0 1 0 2 1 1 0/0 20:03 3:33 0:48
Dmitry Orlov 0 0 0 1 0 0 3 0 0 1 0/0 13:53 0:00 0:00
Eeli Tolvanen 2 0 2 1 0 3 1 2 1 1 0/0 10:13 0:00 0:00
Jonathan Drouin 0 0 0 0 0 2 1 0 0 0 0/1 15:27 0:00 0:56
Kevin Fiala 0 1 1 0 2 2 1 0 0 0 0/1 17:48 3:30 0:00
Marcus Pettersson 0 1 1 1 0 1 1 0 0 3 0/0 26:04 3:54 1:11
Matthew Knies 0 0 0 0 0 1 2 1 1 0 0/0 16:25 3:57 0:00
Max Domi 1 0 1 0 0 2 0 1 0 0 4/16 16:21 3:57 0:00
Nick Perbix 0 0 0 1 0 1 0 1 0 1 0/0 13:53 0:00 0:00
Noel Acciari 0 1 1 1 0 1 0 0 0 1 0/0 8:56 0:00 0:00
Ryan Johansen 0 0 0 0 0 1 0 0 0 1 7/11 14:03 0:00 0:00
Ryan Poehling 0 2 2 1 0 1 3 0 0 0 2/3 9:29 0:00 0:00
Sean Durzi 0 0 0 -1 0 0 1 0 0 1 0/0 20:03 3:33 0:48
T.J. Oshie 0 0 0 0 0 0 1 0 0 1 0/0 12:25 0:00 0:00
Yegor Sharangovich 0 1 1 0 0 2 2 1 2 0 0/1 18:58 3:30 1:03
Players Stats for Anaheim Ducks
Player Name G A P +/- PIM S H SB GA TA FO MP PP MP PK MP
------------------------------------------------------------------------------------
Alex Killorn 0 0 0 1 2 3 1 1 2 0 0/1 17:13 0:34 1:19
Alexandre Texier 0 0 0 0 2 0 0 0 1 0 0/0 8:18 0:00 1:01
Alexey Toropchenko 0 0 0 0 0 0 3 0 2 0 0/0 6:03 0:00 0:00
Brayden Schenn 0 1 1 1 0 3 1 0 1 1 0/0 20:17 0:34 4:50
Brenden Dillon 0 0 0 1 0 2 3 2 0 0 0/0 15:17 0:00 2:36
Chandler Stephenson 0 0 0 -2 2 3 1 0 0 0 0/1 13:00 0:00 1:46
Esa Lindell 0 0 0 -2 0 1 4 2 0 0 0/0 26:13 0:34 4:51
Ivan Provorov 0 1 1 0 0 0 0 3 0 2 0/0 23:10 0:34 5:26
J.T. Compher 0 0 0 -2 0 2 1 0 1 0 11/20 16:53 0:00 4:50
John Tavares 0 1 1 0 0 2 2 1 0 0 1/1 19:19 1:25 0:39
Josh Manson 0 0 0 1 2 2 0 1 0 1 0/0 14:41 0:00 1:38
Joshua Morrissey 0 0 0 -2 0 1 3 3 1 1 0/0 22:11 1:25 0:23
Luke Evangelista 0 0 0 -2 0 1 0 1 0 0 0/0 10:44 0:00 0:00
Mark Scheifele 0 0 0 0 0 2 1 0 2 0 14/23 18:47 1:25 0:00
Mason Marchment 0 0 0 0 0 0 1 0 0 0 2/3 6:55 0:00 0:00
Morgan Rielly 0 0 0 0 0 1 1 1 0 0 0/0 18:30 1:25 0:00
Nazem Kadri 1 0 1 1 0 1 2 2 0 0 7/14 16:10 0:34 0:29
William Nylander 1 0 1 0 0 4 1 0 2 1 2/2 18:48 1:25 0:00
3 Stars
1 - Eeli Tolvanen (SJS)
2 - Ryan Poehling (SJS)
3 - Adam Henrique (SJS)
Power Play
San Jose Sharks - 1 on 4 Attempt(s) - 25.00%
Anaheim Ducks - 0 on 1 Attempt(s) - 0.00%
Penalty Kill
San Jose Sharks - 1 on 1 Attempt(s) - 100.00%
- Score 0 goal in Penalty Kill
Anaheim Ducks - 3 on 4 Attempt(s) - 75.00%
- Score 0 goal in Penalty Kill
Team Stat
San Jose Sharks - Hits : 20 - Faceoff Wins : 28 - Blocked Shots : 9 - Penalty Minutes : 2
Anaheim Ducks - Hits : 25 - Faceoff Wins : 37 - Blocked Shots : 17 - Penalty Minutes : 8
Official
Referees : Jake Brenk and Wes Mccauley
Linesman : Jonny Murray and Mark Shewchyk
Game Notes
No Game Note
Finance
Level 1 -- Attendance: 5016 (83.60%) -- Ticket Income $501,600
Level 2 -- Attendance: 4052 (81.04%) -- Ticket Income $243,120
Level 3 -- Attendance: 2070 (69.00%) -- Ticket Income $95,220
Level 4 -- Attendance: 3608 (72.16%) -- Ticket Income $90,200
Luxury Box -- Attendance: 693 (69.30%) -- Ticket Income $138,600
Game was played at the Honda Center.
Total Attendance: 15439 (77.20%)
Total Ticket Income: $1,068,740
Other Income: $374,059
Total Income: $1,442,799
San Jose Sharks
5 vs 5 Forward
Center Left Wing Right Wing Time % Phy DF OF
1 Adam Henrique Yegor Sharangovich Kevin Fiala 30 1 2 2
2 Ryan Johansen Anthony Mantha Jonathan Drouin 30 1 2 2
3 Max Domi Matthew Knies T.J. Oshie 25 1 2 2
4 Ryan Poehling Eeli Tolvanen Noel Acciari 15 1 2 2
5 vs 5 Defense
Defense Defense Time % Phy DF OF
1 Marcus Pettersson Christopher Tanev 30 1 2 2
2 Connor Murphy Sean Durzi 30 1 2 2
3 Dmitry Orlov Nick Perbix 25 1 2 2
4 Marcus Pettersson Christopher Tanev 15 1 2 2
PowerPlay Forward
Center Left Wing Right Wing Time % Phy DF OF
1 Adam Henrique Kevin Fiala Yegor Sharangovich 50 1 2 2
2 Max Domi Anthony Mantha Matthew Knies 50 1 2 2
PowerPlay Defense
Defense Defense Time % Phy DF OF
1 Marcus Pettersson Christopher Tanev 50 1 2 2
2 Connor Murphy Sean Durzi 50 1 2 2
Penalty Kill 4 Players Forward
Center Wing Time % Phy DF OF
1 Adam Henrique Yegor Sharangovich 50 1 2 2
2 Jonathan Drouin Anthony Mantha 50 1 2 2
Penalty Kill 4 Players Defense
Defense Defense Time % Phy DF OF
1 Marcus Pettersson Christopher Tanev 50 1 2 2
2 Connor Murphy Sean Durzi 50 1 2 2
Penalty Kill - 3 Players Forward
Forward Time % Phy DF OF
1 Adam Henrique 50 1 2 2
2 Yegor Sharangovich 50 1 2 2
Penalty Kill - 3 Players Defense
Defense Defense Time % Phy DF OF
1 Marcus Pettersson Christopher Tanev 50 1 2 2
2 Connor Murphy Sean Durzi 50 1 2 2
4 vs 4 Forward
Center Wing Time % Phy DF OF
1 Adam Henrique Yegor Sharangovich 50 1 2 2
2 Jonathan Drouin Anthony Mantha 50 1 2 2
4 vs 4 Defense
Defense Defense Time % Phy DF OF
1 Marcus Pettersson Christopher Tanev 50 1 2 2
2 Connor Murphy Sean Durzi 50 1 2 2
Last Minutes Offensive
Center Left Wing Right Wing Defense Defense
Adam Henrique Yegor Sharangovich Jonathan Drouin Marcus Pettersson Christopher Tanev
Last Minutes Defensive
Center Left Wing Right Wing Defense Defense
Adam Henrique Yegor Sharangovich Jonathan Drouin Marcus Pettersson Christopher Tanev
Goaltenders
Starting : Logan Thompson
Backup : Tristan Jarry
Extra Forwards
Normal : Eeli Tolvanen, Yegor Sharangovich, Adam Henrique - PP : Eeli Tolvanen, Yegor Sharangovich - PK : Adam Henrique
Extra Defensemen
Normal : Dmitry Orlov, Nick Perbix, Connor Murphy - PP : Dmitry Orlov - PK : Nick Perbix, Connor Murphy
Penalty Shots
Adam Henrique, Yegor Sharangovich, Jonathan Drouin, Anthony Mantha, T.J. Oshie
Scratches
Christian Dvorak (Bruised Left Shoulder Injury), Ilya Mikheyev (Healthy), Kasperi Kapanen (Healthy), Mike Hoffman (Healthy), Calle Jarnkrok (Healthy)
Clay Stevenson (Healthy)
Anaheim Ducks
5 vs 5 Forward
Center Left Wing Right Wing Time % Phy DF OF
1 Mark Scheifele John Tavares William Nylander 40 1 2 2
2 Nazem Kadri Brayden Schenn Alex Killorn 30 1 2 2
3 J.T. Compher Chandler Stephenson Luke Evangelista 20 1 2 2
4 Mason Marchment Alexey Toropchenko Alexandre Texier 10 1 2 2
5 vs 5 Defense
Defense Defense Time % Phy DF OF
1 Esa Lindell Joshua Morrissey 40 1 2 2
2 Ivan Provorov Morgan Rielly 35 1 2 2
3 Brenden Dillon Josh Manson 25 1 2 2
4 Esa Lindell Ivan Provorov 0 1 2 2
PowerPlay Forward
Center Left Wing Right Wing Time % Phy DF OF
1 Mark Scheifele John Tavares William Nylander 60 1 1 3
2 Nazem Kadri Brayden Schenn Alex Killorn 40 1 1 3
PowerPlay Defense
Defense Defense Time % Phy DF OF
1 Morgan Rielly Joshua Morrissey 60 1 1 3
2 Ivan Provorov Esa Lindell 40 1 2 2
Penalty Kill 4 Players Forward
Center Wing Time % Phy DF OF
1 J.T. Compher Brayden Schenn 60 1 3 1
2 Chandler Stephenson Alex Killorn 40 1 3 1
Penalty Kill 4 Players Defense
Defense Defense Time % Phy DF OF
1 Esa Lindell Ivan Provorov 60 1 3 1
2 Josh Manson Brenden Dillon 40 1 3 1
Penalty Kill - 3 Players Forward
Forward Time % Phy DF OF
1 J.T. Compher 60 1 4 0
2 Brayden Schenn 40 1 4 0
Penalty Kill - 3 Players Defense
Defense Defense Time % Phy DF OF
1 Esa Lindell Ivan Provorov 60 1 4 0
2 Josh Manson Brenden Dillon 40 1 4 0
4 vs 4 Forward
Center Wing Time % Phy DF OF
1 Mark Scheifele William Nylander 60 1 2 2
2 Nazem Kadri John Tavares 40 1 2 2
4 vs 4 Defense
Defense Defense Time % Phy DF OF
1 Esa Lindell Joshua Morrissey 60 1 2 2
2 Morgan Rielly Ivan Provorov 40 1 2 2
Last Minutes Offensive
Center Left Wing Right Wing Defense Defense
Mark Scheifele John Tavares William Nylander Joshua Morrissey Morgan Rielly
Last Minutes Defensive
Center Left Wing Right Wing Defense Defense
J.T. Compher Alex Killorn Brayden Schenn Ivan Provorov Esa Lindell
Goaltenders
Starting : Linus Ullmark
Backup : James Reimer
Extra Forwards
Normal : William Nylander, Mark Scheifele, John Tavares - PP : William Nylander, Mark Scheifele - PK : J.T. Compher
Extra Defensemen
Normal : Esa Lindell, Morgan Rielly, Brenden Dillon - PP : Joshua Morrissey - PK : Esa Lindell, Ivan Provorov
Penalty Shots
Alexandre Texier, Brenden Dillon, Mark Scheifele, John Tavares, Brayden Schenn
Scratches
Jakob Chychrun (Healthy)
% Time on Ice - San Jose Sharks
Lines # - Real PCT - Wanted PCT - Time Play
Normal Forward
1 - 28% - 30% - 14:19
2 - 32% - 30% - 16:05
3 - 22% - 25% - 11:14
4 - 18% - 15% - 8:56
Normal Defense
1 - 30% - 30% - 15:04
2 - 31% - 30% - 15:42
3 - 27% - 25% - 13:53
4 - 12% - 15% - 5:55
PP Forward
1 - 47% - 50% - 3:30
2 - 53% - 50% - 3:57
PP Defense
1 - 52% - 50% - 3:54
2 - 48% - 50% - 3:33
PK Forward
1 - 53% - 50% - 1:03
2 - 47% - 50% - 0:56
PK Defense
1 - 60% - 50% - 1:11
2 - 40% - 50% - 0:48
PK3 Forward
1 - 0% - 50%
2 - 0% - 50%
PK3 Defense
1 - 0% - 50%
2 - 0% - 50%
44 Forward
1 - 0% - 50%
2 - 0% - 50%
44 Defense
1 - 0% - 50%
2 - 0% - 50%
Last Minute Offensive - 0:00
Last Minute Defensive - 0:00
Total
Forward - 60:00
Defense - 60:00
|
% Time on Ice - Anaheim Ducks
Lines # - Real PCT - Wanted PCT - Time Play
Normal Forward
1 - 35% - 40% - 17:31
2 - 32% - 30% - 16:16
3 - 21% - 20% - 10:44
4 - 12% - 10% - 6:03
Normal Defense
1 - 38% - 40% - 19:26
2 - 35% - 35% - 17:28
3 - 26% - 25% - 13:01
4 - 1% - 0% - 0:39
PP Forward
1 - 71% - 60% - 1:25
2 - 29% - 40% - 0:34
PP Defense
1 - 71% - 60% - 1:25
2 - 29% - 40% - 0:34
PK Forward
1 - 73% - 60% - 5:28
2 - 27% - 40% - 1:59
PK Defense
1 - 65% - 60% - 4:51
2 - 35% - 40% - 2:36
PK3 Forward
1 - 0% - 60%
2 - 0% - 40%
PK3 Defense
1 - 0% - 60%
2 - 0% - 40%
44 Forward
1 - 0% - 60%
2 - 0% - 40%
44 Defense
1 - 0% - 60%
2 - 0% - 40%
Last Minute Offensive - 0:00
Last Minute Defensive - 0:00
Total
Forward - 60:00
Defense - 60:00
|
Play-by-Play
1st period
0:01 of 1st period - Mark Scheifele wins face-off versus Adam Henrique in neutral zone.
0:26 of 1st period - Anthony Mantha is hit by Joshua Morrissey.
1:18 of 1st period - Noel Acciari is hit by Alexey Toropchenko.
1:31 of 1st period - Minor Penalty to Josh Manson for Hooking.
1:32 of 1st period - J.T. Compher wins face-off versus Adam Henrique in Anaheim Ducks zone.
1:45 of 1st period - Wrist shot by Kevin Fiala.
1:45 of 1st period - Shot Misses the Net.
1:59 of 1st period - Esa Lindell is hit by Christopher Tanev and loses puck.
2:32 of 1st period - Wrist shot by Alex Killorn.
2:32 of 1st period - Stopped by Logan Thompson without a rebound.
2:33 of 1st period - Adam Henrique wins face-off versus J.T. Compher in San Jose Sharks zone.
3:31 of 1st period - Penalty to Josh Manson is over, Josh Manson is back on ice.
3:41 of 1st period - Marcus Pettersson is hit by John Tavares and loses puck.
3:48 of 1st period - Eeli Tolvanen is hit by Esa Lindell and loses puck.
4:35 of 1st period - Icing by Matthew Knies.
4:36 of 1st period - J.T. Compher wins face-off versus Max Domi in San Jose Sharks zone.
4:37 of 1st period - Slapshot by Chandler Stephenson.
4:37 of 1st period - Shot Blocked by Max Domi.
4:57 of 1st period - Morgan Rielly is hit by Matthew Knies and loses puck.
5:20 of 1st period - Snap shot by Matthew Knies.
5:20 of 1st period - Stopped by Linus Ullmark with a rebound.
5:22 of 1st period - Snap shot by Christopher Tanev.
5:22 of 1st period - Stopped by Linus Ullmark without a rebound.
5:23 of 1st period - Mark Scheifele wins face-off versus Kevin Fiala in Anaheim Ducks zone.
6:24 of 1st period - Connor Murphy is hit by Alexey Toropchenko and loses puck.
6:57 of 1st period - Snap shot by Alex Killorn.
6:57 of 1st period - Stopped by Logan Thompson with a rebound.
7:03 of 1st period - Brayden Schenn is hit by T.J. Oshie and loses puck.
7:21 of 1st period - Noel Acciari is hit by Brenden Dillon and loses puck.
7:45 of 1st period - Dmitry Orlov is hit by Mark Scheifele and loses puck.
7:50 of 1st period - Wrist shot by William Nylander.
7:50 of 1st period - Stopped by Logan Thompson with a rebound.
7:52 of 1st period - Snap shot by William Nylander.
7:52 of 1st period - Stopped by Logan Thompson without a rebound.
7:53 of 1st period - Nazem Kadri wins face-off versus Ryan Johansen in San Jose Sharks zone.
7:54 of 1st period - Snap shot by Brayden Schenn.
7:54 of 1st period - Deflect By Nazem Kadri.
7:54 of 1st period - Shot Misses the Net.
7:54 of 1st period - Puck is out of play.
7:55 of 1st period - Nazem Kadri wins face-off versus Jonathan Drouin in San Jose Sharks zone.
8:20 of 1st period - Snap shot by William Nylander.
8:20 of 1st period - Shot Misses the Net.
8:26 of 1st period - Esa Lindell is hit by Kevin Fiala and loses puck.
8:47 of 1st period - Snap shot by Chandler Stephenson.
8:47 of 1st period - Stopped by Logan Thompson without a rebound.
8:48 of 1st period - Ryan Johansen wins face-off versus Nazem Kadri in San Jose Sharks zone.
9:22 of 1st period - Ivan Provorov is hit by Adam Henrique and loses puck.
10:03 of 1st period - Snap shot by Eeli Tolvanen.
10:03 of 1st period - Stopped by Linus Ullmark without a rebound.
10:04 of 1st period - Ryan Johansen wins face-off versus Mason Marchment in Anaheim Ducks zone.
10:15 of 1st period - Wrist shot by Mason Marchment.
10:15 of 1st period - Shot Misses the Net.
10:23 of 1st period - Alexey Toropchenko is hit by Sean Durzi and loses puck.
11:00 of 1st period - Off-side.
11:01 of 1st period - Ryan Poehling wins face-off versus Nazem Kadri in neutral zone.
11:33 of 1st period - Off-side.
11:34 of 1st period - Adam Henrique wins face-off versus Mark Scheifele in neutral zone.
12:09 of 1st period - Snap shot by Jonathan Drouin.
12:09 of 1st period - Deflect By Ryan Johansen.
12:09 of 1st period - Stopped by Linus Ullmark without a rebound.
12:10 of 1st period - Mark Scheifele wins face-off versus Adam Henrique in Anaheim Ducks zone.
12:23 of 1st period - Snap shot by William Nylander.
12:23 of 1st period - Goal by William Nylander - San Jose Sharks : 0 - Anaheim Ducks : 1.
12:24 of 1st period - Mark Scheifele wins face-off versus Max Domi in neutral zone.
12:38 of 1st period - Snap shot by John Tavares.
12:38 of 1st period - Stopped by Logan Thompson without a rebound.
12:39 of 1st period - Nazem Kadri wins face-off versus Anthony Mantha in San Jose Sharks zone.
12:46 of 1st period - Wrist shot by Nazem Kadri.
12:46 of 1st period - Shot Misses the Net.
12:48 of 1st period - Slapshot by Josh Manson.
12:48 of 1st period - Stopped by Logan Thompson without a rebound.
12:49 of 1st period - Ryan Johansen wins face-off versus Alex Killorn in San Jose Sharks zone.
13:08 of 1st period - Josh Manson is hit by Jonathan Drouin and loses puck.
13:36 of 1st period - Snap shot by Anthony Mantha.
13:36 of 1st period - Shot Blocked by Alex Killorn.
13:52 of 1st period - Ryan Johansen is hit by Nazem Kadri and loses puck.
14:07 of 1st period - Snap shot by Brayden Schenn.
14:07 of 1st period - Shot Misses the Net.
14:09 of 1st period - Slapshot by Brayden Schenn.
14:09 of 1st period - Stopped by Logan Thompson with a rebound.
14:11 of 1st period - Slapshot by Josh Manson.
14:11 of 1st period - Stopped by Logan Thompson with a rebound.
14:13 of 1st period - Snap shot by Brenden Dillon.
14:13 of 1st period - Stopped by Logan Thompson without a rebound.
14:14 of 1st period - Adam Henrique wins face-off versus Mark Scheifele in San Jose Sharks zone.
14:19 of 1st period - Snap shot by Adam Henrique.
14:19 of 1st period - Stopped by Linus Ullmark with a rebound.
14:27 of 1st period - Wrist shot by Kevin Fiala.
14:27 of 1st period - Shot Misses the Net.
14:29 of 1st period - Snap shot by Adam Henrique.
14:29 of 1st period - Stopped by Linus Ullmark without a rebound.
14:30 of 1st period - Max Domi wins face-off versus J.T. Compher in Anaheim Ducks zone.
14:55 of 1st period - Joshua Morrissey is hit by Adam Henrique.
15:04 of 1st period - Off-side.
15:05 of 1st period - Adam Henrique wins face-off versus J.T. Compher in neutral zone.
15:10 of 1st period - Wrist shot by Adam Henrique.
15:10 of 1st period - Stopped by Linus Ullmark without a rebound.
15:11 of 1st period - J.T. Compher wins face-off versus Adam Henrique in Anaheim Ducks zone.
15:16 of 1st period - Adam Henrique is hit by Joshua Morrissey and loses puck.
15:32 of 1st period - Off-side.
15:33 of 1st period - Max Domi wins face-off versus Mark Scheifele in neutral zone.
15:38 of 1st period - Snap shot by Max Domi.
15:38 of 1st period - Shot Blocked by Morgan Rielly.
15:47 of 1st period - Off-side.
15:48 of 1st period - Mark Scheifele wins face-off versus Adam Henrique in neutral zone.
15:51 of 1st period - Snap shot by William Nylander.
15:51 of 1st period - Shot Misses the Net.
16:03 of 1st period - Wrist shot by Adam Henrique.
16:03 of 1st period - Goal by Adam Henrique - San Jose Sharks : 1 - Anaheim Ducks : 1.
16:04 of 1st period - Mark Scheifele wins face-off versus Max Domi in neutral zone.
16:37 of 1st period - Snap shot by J.T. Compher.
16:37 of 1st period - Shot Misses the Net.
16:57 of 1st period - Slapshot by Yegor Sharangovich.
16:57 of 1st period - Shot Misses the Net.
16:59 of 1st period - Slapshot by Christopher Tanev.
16:59 of 1st period - Deflect By Alex Killorn.
16:59 of 1st period - Stopped by Linus Ullmark without a rebound.
17:00 of 1st period - Adam Henrique wins face-off versus Nazem Kadri in Anaheim Ducks zone.
17:03 of 1st period - Snap shot by Yegor Sharangovich.
17:03 of 1st period - Deflect By Kevin Fiala.
17:03 of 1st period - Stopped by Linus Ullmark with a rebound.
17:09 of 1st period - Slapshot by Nazem Kadri.
17:09 of 1st period - Shot Blocked by Connor Murphy.
17:11 of 1st period - Slapshot by Joshua Morrissey.
17:11 of 1st period - Stopped by Logan Thompson without a rebound.
17:12 of 1st period - Ryan Johansen wins face-off versus Mark Scheifele in San Jose Sharks zone.
17:39 of 1st period - Joshua Morrissey is hit by Eeli Tolvanen and loses puck.
18:05 of 1st period - J.T. Compher is hit by Yegor Sharangovich and loses puck.
18:12 of 1st period - Yegor Sharangovich is hit by J.T. Compher and loses puck.
18:30 of 1st period - Minor Penalty to Alexandre Texier for Interference.
18:31 of 1st period - J.T. Compher wins face-off versus Anthony Mantha in Anaheim Ducks zone.
18:40 of 1st period - Wrist shot by J.T. Compher.
18:40 of 1st period - Stopped by Logan Thompson without a rebound.
18:41 of 1st period - J.T. Compher wins face-off versus Max Domi in San Jose Sharks zone.
18:46 of 1st period - Snap shot by Brayden Schenn.
18:46 of 1st period - Stopped by Logan Thompson without a rebound.
18:47 of 1st period - J.T. Compher wins face-off versus Adam Henrique in San Jose Sharks zone.
Goals for this period are 1 for San Jose Sharks vs 1 for Anaheim Ducks.
Shots for this period are 10 for San Jose Sharks vs 14 for Anaheim Ducks.
2nd period
0:01 of 2nd period - Adam Henrique wins face-off versus J.T. Compher in neutral zone.
0:14 of 2nd period - Wrist shot by Yegor Sharangovich.
0:14 of 2nd period - Stopped by Linus Ullmark with a rebound.
0:29 of 2nd period - Icing by Sean Durzi.
0:30 of 2nd period - Penalty to Alexandre Texier is over, Alexandre Texier is back on ice.
0:30 of 2nd period - Adam Henrique wins face-off versus Mark Scheifele in San Jose Sharks zone.
0:57 of 2nd period - Wrist shot by Matthew Knies.
0:57 of 2nd period - Shot Misses the Net.
0:59 of 2nd period - Snap shot by Connor Murphy.
0:59 of 2nd period - Stopped by Linus Ullmark with a rebound.
1:01 of 2nd period - Slapshot by Max Domi.
1:01 of 2nd period - Shot Blocked by Brenden Dillon.
1:03 of 2nd period - Snap shot by Max Domi.
1:03 of 2nd period - Shot Misses the Net.
1:59 of 2nd period - Ryan Poehling is hit by Esa Lindell and loses puck.
2:12 of 2nd period - Snap shot by Ryan Poehling.
2:12 of 2nd period - Stopped by Linus Ullmark without a rebound.
2:13 of 2nd period - Nazem Kadri wins face-off versus Max Domi in Anaheim Ducks zone.
2:24 of 2nd period - Snap shot by Max Domi.
2:24 of 2nd period - Stopped by Linus Ullmark with a rebound.
3:07 of 2nd period - Wrist shot by Luke Evangelista.
3:07 of 2nd period - Deflect By Kevin Fiala.
3:07 of 2nd period - Shot Misses the Net.
3:07 of 2nd period - Puck is out of play.
3:08 of 2nd period - Adam Henrique wins face-off versus J.T. Compher in San Jose Sharks zone.
3:35 of 2nd period - William Nylander is hit by Marcus Pettersson and loses puck.
3:53 of 2nd period - Off-side.
3:54 of 2nd period - Nazem Kadri wins face-off versus Max Domi in neutral zone.
4:30 of 2nd period - Wrist shot by William Nylander.
4:30 of 2nd period - Shot Misses the Net.
5:06 of 2nd period - Slapshot by Christopher Tanev.
5:06 of 2nd period - Stopped by Linus Ullmark without a rebound.
5:07 of 2nd period - Mason Marchment wins face-off versus Ryan Poehling in Anaheim Ducks zone.
5:12 of 2nd period - Connor Murphy is hit by Alexey Toropchenko and loses puck.
5:21 of 2nd period - Wrist shot by Mason Marchment.
5:21 of 2nd period - Shot Blocked by Eeli Tolvanen.
5:23 of 2nd period - Snap shot by Alexandre Texier.
5:23 of 2nd period - Shot Blocked by Eeli Tolvanen.
5:35 of 2nd period - Snap shot by Brayden Schenn.
5:35 of 2nd period - Deflect By Eeli Tolvanen.
5:35 of 2nd period - Stopped by Logan Thompson with a rebound.
5:51 of 2nd period - Brayden Schenn is hit by Ryan Poehling and loses puck.
6:00 of 2nd period - Wrist shot by Brayden Schenn.
6:00 of 2nd period - Shot Blocked by Connor Murphy.
6:02 of 2nd period - Wrist shot by Nazem Kadri.
6:02 of 2nd period - Goal by Nazem Kadri - San Jose Sharks : 1 - Anaheim Ducks : 2.
6:03 of 2nd period - Mark Scheifele wins face-off versus Yegor Sharangovich in neutral zone.
6:06 of 2nd period - Christopher Tanev is hit by William Nylander and loses puck.
6:34 of 2nd period - Wrist shot by Jonathan Drouin.
6:34 of 2nd period - Deflect By Joshua Morrissey.
6:34 of 2nd period - Stopped by Linus Ullmark with a rebound.
6:36 of 2nd period - Slapshot by Ryan Johansen.
6:36 of 2nd period - Shot Blocked by Nazem Kadri.
6:38 of 2nd period - Slapshot by Marcus Pettersson.
6:38 of 2nd period - Stopped by Linus Ullmark with a rebound.
6:40 of 2nd period - Slapshot by Marcus Pettersson.
6:40 of 2nd period - Shot Misses the Net.
6:55 of 2nd period - Max Domi is hit by Esa Lindell and loses puck.
8:16 of 2nd period - Wrist shot by Luke Evangelista.
8:16 of 2nd period - Stopped by Logan Thompson with a rebound.
8:18 of 2nd period - Wrist shot by Esa Lindell.
8:18 of 2nd period - Deflect By Matthew Knies.
8:18 of 2nd period - Stopped by Logan Thompson without a rebound.
8:19 of 2nd period - Max Domi wins face-off versus Mark Scheifele in San Jose Sharks zone.
8:26 of 2nd period - Off-side.
8:27 of 2nd period - William Nylander wins face-off versus Adam Henrique in neutral zone.
8:52 of 2nd period - Ryan Johansen is hit by Brayden Schenn and loses puck.
10:29 of 2nd period - Snap shot by Anthony Mantha.
10:29 of 2nd period - Shot Misses the Net.
10:35 of 2nd period - Minor Penalty to Chandler Stephenson for Tripping.
10:36 of 2nd period - J.T. Compher wins face-off versus Max Domi in Anaheim Ducks zone.
10:51 of 2nd period - Wrist shot by Matthew Knies.
10:51 of 2nd period - Deflect By Anthony Mantha.
10:51 of 2nd period - Stopped by Linus Ullmark without a rebound.
10:52 of 2nd period - J.T. Compher wins face-off versus Adam Henrique in Anaheim Ducks zone.
11:05 of 2nd period - Wrist shot by Kevin Fiala.
11:05 of 2nd period - Stopped by Linus Ullmark without a rebound.
11:06 of 2nd period - J.T. Compher wins face-off versus Max Domi in Anaheim Ducks zone.
11:14 of 2nd period - Off-side.
11:15 of 2nd period - Max Domi wins face-off versus J.T. Compher in neutral zone.
11:20 of 2nd period - Slapshot by Christopher Tanev.
11:20 of 2nd period - Shot Blocked by Ivan Provorov.
11:22 of 2nd period - Snap shot by Matthew Knies.
11:22 of 2nd period - Shot Misses the Net.
11:24 of 2nd period - Slapshot by Max Domi.
11:24 of 2nd period - Shot Blocked by Ivan Provorov.
11:44 of 2nd period - Brayden Schenn is hit by Anthony Mantha and loses puck.
12:05 of 2nd period - Snap shot by Max Domi.
12:05 of 2nd period - Goal by Max Domi - San Jose Sharks : 2 - Anaheim Ducks : 2.
12:06 of 2nd period - Adam Henrique wins face-off versus Mark Scheifele in neutral zone.
12:31 of 2nd period - Nazem Kadri is hit by Dmitry Orlov and loses puck.
12:57 of 2nd period - Icing by Ivan Provorov.
12:58 of 2nd period - Ryan Johansen wins face-off versus J.T. Compher in Anaheim Ducks zone.
13:25 of 2nd period - Sean Durzi is hit by Chandler Stephenson and loses puck.
13:46 of 2nd period - Snap shot by William Nylander.
13:46 of 2nd period - Shot Misses the Net.
13:48 of 2nd period - Snap shot by John Tavares.
13:48 of 2nd period - Shot Blocked by Yegor Sharangovich.
13:50 of 2nd period - Snap shot by John Tavares.
13:50 of 2nd period - Stopped by Logan Thompson without a rebound.
13:51 of 2nd period - Mark Scheifele wins face-off versus Ryan Johansen in San Jose Sharks zone.
13:54 of 2nd period - Slapshot by William Nylander.
13:54 of 2nd period - Stopped by Logan Thompson without a rebound.
13:55 of 2nd period - Mark Scheifele wins face-off versus Anthony Mantha in San Jose Sharks zone.
14:44 of 2nd period - Wrist shot by Eeli Tolvanen.
14:44 of 2nd period - Shot Blocked by Josh Manson.
15:34 of 2nd period - Snap shot by Max Domi.
15:34 of 2nd period - Shot Misses the Net.
15:46 of 2nd period - Nick Perbix is hit by Morgan Rielly and loses puck.
16:11 of 2nd period - Snap shot by J.T. Compher.
16:11 of 2nd period - Shot Misses the Net.
16:13 of 2nd period - Wrist shot by Morgan Rielly.
16:13 of 2nd period - Stopped by Logan Thompson without a rebound.
16:14 of 2nd period - Ryan Johansen wins face-off versus Chandler Stephenson in San Jose Sharks zone.
16:33 of 2nd period - Chandler Stephenson is hit by Dmitry Orlov and loses puck.
16:48 of 2nd period - Snap shot by Yegor Sharangovich.
16:48 of 2nd period - Shot Blocked by Joshua Morrissey.
16:58 of 2nd period - Off-side.
16:59 of 2nd period - Nazem Kadri wins face-off versus Max Domi in neutral zone.
18:14 of 2nd period - Wrist shot by Jonathan Drouin.
18:14 of 2nd period - Stopped by Linus Ullmark with a rebound.
19:14 of 2nd period - Marcus Pettersson is hit by Brenden Dillon and loses puck.
19:46 of 2nd period - Snap shot by Ryan Poehling.
19:46 of 2nd period - Shot Misses the Net.
19:48 of 2nd period - Slapshot by Christopher Tanev.
19:48 of 2nd period - Deflect By Eeli Tolvanen.
19:48 of 2nd period - Goal by Eeli Tolvanen - San Jose Sharks : 3 - Anaheim Ducks : 2.
19:49 of 2nd period - Adam Henrique wins face-off versus Mark Scheifele in neutral zone.
19:54 of 2nd period - Wrist shot by Yegor Sharangovich.
19:54 of 2nd period - Deflect By Adam Henrique.
19:54 of 2nd period - Shot Blocked by Joshua Morrissey.
19:54 of 2nd period - Puck is out of play.
19:55 of 2nd period - William Nylander wins face-off versus Adam Henrique in Anaheim Ducks zone.
19:55 of 2nd period - William Nylander is hit by Yegor Sharangovich.
Goals for this period are 2 for San Jose Sharks vs 1 for Anaheim Ducks.
Shots for this period are 12 for San Jose Sharks vs 7 for Anaheim Ducks.
3rd period
0:01 of 3rd period - Mark Scheifele wins face-off versus Max Domi in neutral zone.
1:14 of 3rd period - Slapshot by Mark Scheifele.
1:14 of 3rd period - Stopped by Logan Thompson without a rebound.
1:15 of 3rd period - Adam Henrique wins face-off versus Mark Scheifele in San Jose Sharks zone.
1:31 of 3rd period - Icing by Adam Henrique.
1:32 of 3rd period - Nazem Kadri wins face-off versus Adam Henrique in San Jose Sharks zone.
1:35 of 3rd period - Snap shot by Alex Killorn.
1:35 of 3rd period - Stopped by Logan Thompson with a rebound.
1:37 of 3rd period - Slapshot by Joshua Morrissey.
1:37 of 3rd period - Shot Misses the Net.
2:28 of 3rd period - Snap shot by J.T. Compher.
2:28 of 3rd period - Stopped by Logan Thompson without a rebound.
2:29 of 3rd period - Adam Henrique wins face-off versus Nazem Kadri in San Jose Sharks zone.
2:31 of 3rd period - Minor Penalty to Kevin Fiala for Tripping.
2:32 of 3rd period - Mark Scheifele wins face-off versus Adam Henrique in San Jose Sharks zone.
3:56 of 3rd period - Wrist shot by Mark Scheifele.
3:56 of 3rd period - Stopped by Logan Thompson without a rebound.
3:57 of 3rd period - Adam Henrique wins face-off versus Nazem Kadri in San Jose Sharks zone.
3:57 of 3rd period - Adam Henrique is hit by Alex Killorn.
4:31 of 3rd period - Penalty to Kevin Fiala is over, Kevin Fiala is back on ice.
4:36 of 3rd period - Kevin Fiala is hit by Nazem Kadri and loses puck.
4:50 of 3rd period - Off-side.
4:51 of 3rd period - J.T. Compher wins face-off versus Max Domi in neutral zone.
4:56 of 3rd period - Snap shot by Chandler Stephenson.
4:56 of 3rd period - Stopped by Logan Thompson with a rebound.
4:58 of 3rd period - Slapshot by J.T. Compher.
4:58 of 3rd period - Shot Blocked by Matthew Knies.
5:00 of 3rd period - Wrist shot by Brenden Dillon.
5:00 of 3rd period - Stopped by Logan Thompson without a rebound.
5:01 of 3rd period - J.T. Compher wins face-off versus Max Domi in San Jose Sharks zone.
5:02 of 3rd period - Snap shot by Chandler Stephenson.
5:02 of 3rd period - Shot Misses the Net.
5:12 of 3rd period - Slapshot by Max Domi.
5:12 of 3rd period - Shot Misses the Net.
5:41 of 3rd period - Wrist shot by Chandler Stephenson.
5:41 of 3rd period - Stopped by Logan Thompson with a rebound.
5:43 of 3rd period - Slapshot by Josh Manson.
5:43 of 3rd period - Deflect By Chandler Stephenson.
5:43 of 3rd period - Shot Blocked by Nick Perbix.
5:43 of 3rd period - Puck is out of play.
5:44 of 3rd period - Mark Scheifele wins face-off versus Adam Henrique in San Jose Sharks zone.
5:48 of 3rd period - Icing by Christopher Tanev.
5:49 of 3rd period - Mark Scheifele wins face-off versus Adam Henrique in San Jose Sharks zone.
5:54 of 3rd period - Christopher Tanev is hit by Joshua Morrissey and loses puck.
7:13 of 3rd period - Wrist shot by Mark Scheifele.
7:13 of 3rd period - Shot Blocked by Adam Henrique.
7:46 of 3rd period - Off-side.
7:47 of 3rd period - Ryan Poehling wins face-off versus J.T. Compher in neutral zone.
7:50 of 3rd period - Snap shot by Eeli Tolvanen.
7:50 of 3rd period - Shot Blocked by Luke Evangelista.
7:52 of 3rd period - Snap shot by Eeli Tolvanen.
7:52 of 3rd period - Goal by Eeli Tolvanen - San Jose Sharks : 4 - Anaheim Ducks : 2.
7:53 of 3rd period - John Tavares wins face-off versus Ryan Johansen in neutral zone.
8:06 of 3rd period - Wrist shot by Jonathan Drouin.
8:06 of 3rd period - Shot Misses the Net.
8:08 of 3rd period - Wrist shot by Dmitry Orlov.
8:08 of 3rd period - Shot Blocked by Esa Lindell.
8:15 of 3rd period - Icing by Joshua Morrissey.
8:16 of 3rd period - Mark Scheifele wins face-off versus Adam Henrique in Anaheim Ducks zone.
8:49 of 3rd period - Max Domi is hit by John Tavares and loses puck.
9:03 of 3rd period - Icing by Connor Murphy.
9:04 of 3rd period - Mason Marchment wins face-off versus Ryan Johansen in San Jose Sharks zone.
9:59 of 3rd period - Slapshot by Matthew Knies.
9:59 of 3rd period - Shot Blocked by Joshua Morrissey.
10:01 of 3rd period - Snap shot by Marcus Pettersson.
10:01 of 3rd period - Shot Blocked by Nazem Kadri.
11:05 of 3rd period - Connor Murphy is hit by Esa Lindell and loses puck.
11:22 of 3rd period - Wrist shot by Yegor Sharangovich.
11:22 of 3rd period - Stopped by Linus Ullmark without a rebound.
11:23 of 3rd period - Adam Henrique wins face-off versus Nazem Kadri in Anaheim Ducks zone.
11:28 of 3rd period - Wrist shot by Adam Henrique.
11:28 of 3rd period - Shot Misses the Net.
11:32 of 3rd period - Slapshot by Kevin Fiala.
11:32 of 3rd period - Shot Misses the Net.
12:42 of 3rd period - Snap shot by Mason Marchment.
12:42 of 3rd period - Shot Misses the Net.
12:54 of 3rd period - Wrist shot by Brayden Schenn.
12:54 of 3rd period - Shot Misses the Net.
13:05 of 3rd period - Nick Perbix is hit by Brenden Dillon and loses puck.
13:08 of 3rd period - Slapshot by Ryan Poehling.
13:08 of 3rd period - Shot Misses the Net.
13:14 of 3rd period - Wrist shot by Noel Acciari.
13:14 of 3rd period - Stopped by Linus Ullmark with a rebound.
13:16 of 3rd period - Snap shot by Noel Acciari.
13:16 of 3rd period - Shot Blocked by Brenden Dillon.
13:18 of 3rd period - Snap shot by Dmitry Orlov.
13:18 of 3rd period - Shot Blocked by John Tavares.
13:20 of 3rd period - Slapshot by Nick Perbix.
13:20 of 3rd period - Stopped by Linus Ullmark without a rebound.
13:21 of 3rd period - Ryan Johansen wins face-off versus Nazem Kadri in Anaheim Ducks zone.
13:42 of 3rd period - Minor Penalty to Alex Killorn for Tripping.
13:43 of 3rd period - Adam Henrique wins face-off versus J.T. Compher in Anaheim Ducks zone.
13:58 of 3rd period - Slapshot by Kevin Fiala.
13:58 of 3rd period - Shot Blocked by Esa Lindell.
14:14 of 3rd period - Chandler Stephenson is hit by Matthew Knies and loses puck.
15:42 of 3rd period - Penalty to Alex Killorn is over, Alex Killorn is back on ice.
15:52 of 3rd period - Ivan Provorov is hit by Ryan Poehling and loses puck.
18:11 of 3rd period - Connor Murphy is hit by Mason Marchment and loses puck.
18:49 of 3rd period - Wrist shot by Max Domi.
18:49 of 3rd period - Shot Blocked by Ivan Provorov.
19:43 of 3rd period - J.T. Compher is hit by Dmitry Orlov and loses puck.
19:54 of 3rd period - Alex Killorn is hit by Ryan Poehling and loses puck.
Goals for this period are 1 for San Jose Sharks vs 0 for Anaheim Ducks.
Shots for this period are 4 for San Jose Sharks vs 7 for Anaheim Ducks.
Back to the Top